 Dungeon Crawl Stone Soup version 0.24-a0-355-gbe4061de67 (webtiles) character file.

Game seed: 3590399279475382570

93 kaladindcss the Shield-Bearer (level 4, 0/29 HPs)
             Began as a Gargoyle Fighter on May 24, 2019.
             Killed from afar by an orc wizard (4 damage)
             ... with a puff of frost
             ... on level 3 of the Dungeon.
             The game lasted 00:02:46 (1943 turns).

kaladindcss the Shield-Bearer (Gargoyle Fighter)    Turns: 1943, Time: 00:02:47

Health: 0/29       AC: 10    Str: 20    XL:     4   Next: 61%
Magic:  0/4        EV:  7    Int:  9    God:
Gold:   172        SH: 10    Dex:  9    Spells: 3/3 levels left

rFire    . . .     SeeInvis .   a - +0 flail
rCold    . . .     Gourm    .   c - +1 shield
rNeg     + + .     Faith    .   b - +0 scale mail
rPois    ∞         Spirit   +   (no helmet)
rElec    +         Reflect  .   q - scarf {Spirit}
rCorr    .         Harm     .   (no gloves)
MR       .....                  (no boots)
Stlth    ..........             (no amulet)
HPRegen  0.09/turn              e - ring of positive energy (curse)
MPRegen  0.09/turn              p - ring of attention (curse)

@: about to teleport
A: negative energy resistance 1, electricity resistance, unbreathing,
petrification resistance, rot immunity, AC +3
a: no special abilities


You were on level 3 of the Dungeon.
You were not hungry.

You visited 1 branch of the dungeon, and saw 3 of its levels.

You collected 172 gold pieces.

Inventory:

Hand Weapons
 a - a +0 flail (weapon)
Armour
 b - a +0 scale mail (worn)
 c - a +1 shield (worn)
 q - a scarf of spirit shield (worn)
Jewellery
 e - a cursed ring of positive energy (left hand)
 h - an uncursed ring of magical power
 p - a cursed ring of attention (right hand)
Scrolls
 g - a scroll of teleportation
Potions
 d - 2 potions of might
 i - 4 potions of heal wounds {unknown}
 j - 2 potions of curing {unknown}
 k - a potion of experience {unknown}
 l - a potion of mutation {unknown}
 m - 2 potions of flight {unknown}
 n - a potion of invisibility {unknown}
 o - a potion of haste {unknown}
Comestibles
 f - 5 rations


   Skills:
 + Level 3.7 Fighting
 + Level 2.8 Maces & Flails
 + Level 3.6 Armour
 + Level 0.3 Dodging
 + Level 0.7 Stealth
 + Level 4.4 Shields


You had 3 spell levels left.
You didn't know any spells.
Your spell library was empty.

Dungeon Overview and Level Annotations

Branches:
Dungeon (3/15)

Altars:


Innate Abilities, Weirdness & Mutations

You are resistant to torment.
Your stone body is resilient. (AC +3)
You are immune to poison.
You resist negative energy. (rN+)
You are resistant to electric shocks. (rElec)
You can survive without breathing.
You are immune to petrification.
You are immune to rotting.


Message History

The orc wizard hits you but does no damage.
You barely miss the orc wizard.
The orc wizard is moderately wounded.
You block the orc wizard's attack.
The orc priest invokes the aid of Beogh against you.
Beogh smites you!
The orc wizard hits you but does no damage.
You closely miss the orc wizard.
The orc wizard is moderately wounded.
The orc wizard miscasts a cantrip.
The orc wizard barely misses you.
The orc priest mumbles some strange prayers to Beogh against you.
Beogh smites you!
* * * LOW HITPOINT WARNING * * *
You block the orc wizard's attack.
As you read the scroll of teleportation, it crumbles to dust.
You feel strangely unstable. The orc wizard casts a spell at you.
The puff of frost hits you.
You die...

#......# #### #......# .#...
#......# .#... ##......## >....
.......)'. #..s ##......## #..(
#......##
.#...#########################...
....s..so.roor.o@...........['..)
##..o.########################...
#....# #... #....# #... #....#
#... #....# #... #....# #...
#....# #...


You could see an orc wizard, 2 orcs and 2 rats.

Vanquished Creatures
  An orc wizard (D:3)
  An adder (D:2)
  2 worms (D:2)
  3 leopard geckos
  4 orcs (D:3)
  4 bats
  3 giant cockroaches
  4 goblins
  5 hobgoblins
  3 jackals (D:2)
  A quokka (D:3)
  A ball python (D:2)
  A frilled lizard (D:1)
  4 kobolds
  2 rats (D:2)
39 creatures vanquished.

Notes
Turn   | Place    | Note
-------+----------+-------------------------------------------
     0 | D:1      | kaladindcss the Gargoyle Fighter began the quest for the
                  | Orb.
     0 | D:1      | Reached XP level 1. HP: 14/14 MP: 1/1
   163 | D:1      | Reached XP level 2. HP: 19/19 MP: 2/2
   681 | D:2      | Reached XP level 3. HP: 11/23 MP: 3/3
  1610 | D:3      | Reached skill level 4 in Shields
  1617 | D:3      | Reached XP level 4. HP: 11/28 MP: 4/4
  1943 | D:3      | Killed from afar by an orc wizard

Levels and vault maps discovered:
D:1:      nzn_arrival_settlement, layout_basic
D:2:      layout_loops_cross, first_ration
D:3:      corexii_shack_village, layout_basic

Skill      XL: |  1  2  3 |
---------------+----------+-----
Shields        | 4 |  4.4
Fighting       | |  3.7
Maces & Flails | |  2.8
Armour         | |  3.6
Dodging        | |  0.3
Stealth        | |  0.7

Action                   |  1- 3 |  4- 6 || total
-------------------------+-------+-------++-------
Melee: Flail             |   158 |    29 ||   187
  Use: Scroll            |     2 |     2 ||     4
  Eat: Chunk             |     2 |       ||     2
       Ration            |       |     1 ||     1
Armor: Scale mail        |    99 |    15 ||   114
Dodge: Dodged            |    58 |    10 ||    68
Block: Shield            |    84 |    16 ||   100

Table legend:
 A = Non-vault XP
 B = Vault XP
 C = Vault XP percentage of total XP
 D = Non-vault monster count
 E = Vault monster count
 F = Vault count percentage of total count
                 A         B        C        D         E       F
            +---------+---------+-------+---------+---------+-------
      Total |     133 |       0 |   0.0 |      39 |       0 |   0.0
            +---------+---------+-------+---------+---------+-------
        D:1 |      22 |       0 |   0.0 |      12 |       0 |   0.0
        D:2 |      49 |       0 |   0.0 |      18 |       0 |   0.0
        D:3 |      62 |       0 |   0.0 |       9 |       0 |   0.0
            +---------+---------+-------+---------+---------+-------
